 Dungeon Crawl Stone Soup version bcrawl-1.27.6 (webtiles) character file.

Game seed: 2430689924607157133

116887 DogServant the Conjurer (level 4, 0/33 HPs)
             Began as a Draconian Conjurer on Oct 9, 2020.
             Slain by an adder (2 damage)
             ... on level 3 of the Dungeon.
             The game lasted 00:06:46 (2665 turns).

DogServant the Conjurer (Draconian Conjurer)        Turns: 2665, Time: 00:06:47

Health: 0/33       AC:  5    Str: 10    XL:     4   Next: 66%
Magic:  5/8        EV: 12    Int: 17    God:
Gold:   187        SH:  0    Dex: 11    Spells: 3/9 levels left

rFire    . . .     SeeInvis .     - Fists (4.1)
rCold    . . .     Gourm    .   (no shield)
rNeg     . . .     Faith    .   (armour unavailable)
rPois    .         Spirit   .   (helmet restricted)
rElec    .         Reflect  .   (no cloak)
rCorr    .         Harm     .   (no gloves)
MR       .....                  (no boots)
Stlth    ++........             (no amulet)
HPRegen  0.11/turn              (no ring)
MPRegen  0.11/turn              (no ring)

@: no status effects
A: unfitting armour, hooves 1, stinger 1, cold-blooded, AC +5
a: no special abilities


You were on level 3 of the Dungeon.
You were not hungry.

You visited 1 branch of the dungeon, and saw 3 of its levels.

You collected 187 gold pieces.

Inventory:

Hand Weapons
 a - a +2 mace of holy wrath
Scrolls
 g - a scroll of remove curse
Potions
 b - a potion of magic
 c - a potion of might {unknown}
 d - a potion of mutation
Comestibles
 e - 6 rations {!d}
 f - a chunk of flesh


   Skills:
 - Level 2.1 Dodging
 - Level 2.0 Stealth
 - Level 1.1 Unarmed Combat
 + Level 3.2 Spellcasting
 + Level 4.9 Conjurations


You had 3 spell levels left.
You knew the following spells:

 Your Spells              Type           Power        Failure   Level  Hunger
a - Magic Dart            Conj           ###.         2%          1    None
b - Searing Ray           Conj           ###.....     3%          2    #......
c - Iskenderun's Mystic   Conj           ###.....     7%          3    ####...

Your spell library contained the following spells:

 Spells                   Type           Power        Failure   Level  Hunger
 Fulminant Prism          Conj/Hex       ##........   52%         4    #####..
 Irradiate                Conj/Tmut      ##........   86%         5    ######.


Dungeon Overview and Level Annotations

Branches:
Dungeon (3/12)

Altars:
Dithmenos
Okawaru


Innate Abilities, Weirdness & Mutations

Your plain brown scales are hard. (AC +5)
You cannot fit into any form of body armour.
You are cold-blooded and may be slowed by cold attacks.
You have large cloven feet.
Your tail ends in a poisonous barb.


Message History

You see here an orange potion.
h - an orange potion You hear the quick rusting of a very distant drain.
It was a potion of cancellation.
Your magical effects are unravelling.
You feel magically purged.
You feel a little less agile now.
As you read the scroll of teleportation, it crumbles to dust.
You feel strangely unstable.
The goblin shouts!
You feel sick.
You are no longer poisoned.
Your surroundings suddenly seem different.
An adder comes into view.
The adder hisses angrily.
The adder barely misses you.
You see here a golden potion.
c - a golden potion The adder bites you.
You die...

.......# ...
.......#### #? #.#
.....)..).# #. #.#
.......##.####.###.###
.......##.<..#.......#
.......#####.........#
.......# #.......#
.......# ##......#
........# #.@S...#
........# ###..###
#.......# ..##
##........ ####
.......## .......#
.......#


You could see an adder.

Vanquished Creatures
  An orc wizard (D:3)
  3 adders (D:3)
  An ooze (D:2)
  A worm (D:2)
  3 leopard geckos
  8 orcs (D:3)
  A ball python (D:1)
  5 bats
  A giant cockroach (D:1)
  4 goblins
  3 hobgoblins
  A quokka (D:2)
  6 frilled lizards
  5 kobolds
  A rat (D:2)
44 creatures vanquished.

Notes
Turn   | Place    | Note
-------+----------+-------------------------------------------
     0 | D:1      | DogServant the Draconian Conjurer began the quest for the
                  | Orb.
     0 | D:1      | Reached XP level 1. HP: 14/14 MP: 3/3
   449 | D:1      | Found an iron altar of Okawaru.
   600 | D:1      | Reached XP level 2. HP: 20/20 MP: 3/5
  1088 | D:1      | Gained mutation: Your tail ends in a poisonous barb.
                  | [potion of mutation]
  1088 | D:1      | Gained mutation: You have large cloven feet. [potion of
                  | mutation]
  1337 | D:1      | Learned a level 2 spell: Searing Ray
  1624 | D:2      | Reached XP level 3. HP: 24/26 MP: 6/6
  1690 | D:2      | Found a shadowy altar of Dithmenos.
  2210 | D:3      | Reached skill level 1 in Unarmed Combat
  2438 | D:3      | Learned a level 3 spell: Iskenderun's Mystic Blast
  2608 | D:3      | Reached XP level 4. HP: 29/33 MP: 2/8
  2665 | D:3      | Slain by an adder

Skill      XL: |  1  2  3  4 |
---------------+-------------+-----
Dodging        | 2 |  2.1
Unarmed Combat | 1 |  1.1
Spellcasting   | 3 |  3.2
Stealth        | |  2.0
Conjurations   | |  4.9

Action                   |  1- 3 |  4- 6 || total
-------------------------+-------+-------++-------
Melee: Unarmed           |   107 |    15 ||   122
       Tailslap          |    11 |     1 ||    12
       Kick              |    15 |     2 ||    17
 Cast: Magic Dart        |    48 |     3 ||    51
       Searing Ray       |     8 |       ||     8
  Use: Scroll            |     1 |     6 ||     7
       Potion            |     1 |     2 ||     3
 Stab: Sleeping          |     2 |       ||     2
  Eat: Chunk             |     6 |       ||     6
       Ration            |     1 |     1 ||     2
Armor: Skin              |    40 |    11 ||    51
Dodge: Dodged            |    62 |    20 ||    82
